 Dungeon Crawl Stone Soup version 0.28.0 (webtiles) character file.

Game seed: 5452879663397022584

1463 LLlMATKO the Cleaver (level 8, -4/73 HPs)
             Began as a Minotaur Berserker on Feb 9, 2022.
             Was a Priest of Trog.
             Slain by Prince Ribbit (12 damage)
             ... on level 6 of the Dungeon.
             The game lasted 00:04:20 (5883 turns).

LLlMATKO the Cleaver (Minotaur Berserker)           Turns: 5883, Time: 00:04:21

Health: -4/73      AC: 12    Str: 22    XL:     8   Next: 48%
Magic:  7/7        EV:  8    Int:  4    God:    Trog [***...]
Gold:   236        SH:  0    Dex: 12    Spells: 7/7 levels left

rFire   . . .      SeeInvis .   a - +0 hand axe
rCold   . . .      Faith    .   (no shield)
rNeg    . . .      Spirit   .   C - +0 plate armour
rPois   .          Reflect  .   (helmet restricted)
rElec   .          Harm     .   (no cloak)
rCorr   .          Rampage  .   (no gloves)
Will    .....                   (no boots)
Stlth   ..........              w - amulet of the acrobat
HPRegen 0.22/turn               (no ring)
MPRegen 0.10/turn               (no ring)

@: on berserk cooldown, slowed, very slow
A: horns 2, retaliatory headbutt
a: Renounce Religion, Berserk, Trog's Hand


You were on level 6 of the Dungeon.
You worshipped Trog.
Trog was most pleased with you.
You visited 1 branch of the dungeon, and saw 6 of its levels.

You collected 236 gold pieces.

Inventory:

Hand Weapons
 a - a +0 hand axe (weapon)
 v - a +1 whip of flaming
Missiles
 l - 93 bolts
 u - 2 throwing nets (quivered)
Armour
 C - a +0 plate armour (worn)
Jewellery
 f - a ring of fire
 w - an amulet of the acrobat (around neck)
 E - a ring of poison resistance
Wands
 i - a wand of digging (4)
 y - a wand of iceblast (11)
Scrolls
 b - 2 scrolls of identify {unknown}
 c - a scroll of summoning {unknown}
 h - 4 scrolls of vulnerability {unknown}
 j - a scroll of blinking {unknown}
 k - a scroll of magic mapping {unknown}
 p - a scroll of immolation {unknown}
 q - 3 scrolls of enchant weapon {unknown}
 t - a scroll of fog {unknown}
 z - a scroll of teleportation {unknown}
 B - a scroll of fear {unknown}
 D - a scroll of enchant armour {unknown}
Potions
 d - a potion of ambrosia {unknown}
 e - 2 potions of flight {unknown}
 g - 2 potions of brilliance {unknown}
 m - a potion of cancellation {unknown}
 n - 2 potions of heal wounds {unknown}
 o - a potion of mutation {unknown}
 r - 2 potions of haste {unknown}
 s - a potion of resistance {unknown}
 x - a potion of might {unknown}
 A - a potion of attraction {unknown}


   Skills:
 + Level 7.0 Fighting
 + Level 9.0 Axes
 + Level 6.3 Armour
 + Level 4.1 Dodging
 + Level 1.5 Stealth


You had 7 spell levels left.
You didn't know any spells.
Your spell library was empty.

Dungeon Overview and Level Annotations

Branches:
Dungeon (6/15)             Temple (0/1) D:5

Altars:
Qazlal

Annotations:
D:6 Prince Ribbit


Innate Abilities, Weirdness & Mutations

You have a pair of horns on your head.
You reflexively headbutt those who attack you in melee.


Message History

You closely miss the sky beast.
The sky beast is moderately wounded.
The sky beast hits you but does no damage.
Unknown command.
You closely miss the sky beast.
The sky beast is moderately wounded.
Prince Ribbit blinks!
The sky beast hits you but does no damage.
Unknown command.
You miss the sky beast.
The sky beast is moderately wounded.
The sky beast completely misses you.
You closely miss Prince Ribbit. You hit the sky beast.
Prince Ribbit hops awkwardly around.
Prince Ribbit closely misses you. The sky beast barely misses you.
Prince Ribbit hits you!
* * * LOW HITPOINT WARNING * * *
Unknown command.
You miss Prince Ribbit. You headbutt Prince Ribbit!
Prince Ribbit is moderately wounded.
You hit the sky beast.
The sky beast hits you but does no damage.
Prince Ribbit croaks regally.
Prince Ribbit blinks!
The sky beast hits you but does no damage.
You closely miss the sky beast.
You headbutt the sky beast, but do no damage.
The sky beast is moderately wounded.
The sky beast flickers out of sight!
Deactivating autopickup; reactivate with Ctrl-A.
Something hits you but does no damage.
Unknown command.
You completely miss something. Something hits you but does no damage.
Prince Ribbit hits you!
* * * LOW HITPOINT WARNING * * *
Unknown command.
You completely miss Prince Ribbit.
Prince Ribbit is moderately wounded.
You hit something. Prince Ribbit hits you!
You die...

#.. #....
..# ....
#..# ...
!.. ..#
..#..
#... #))#
#{# # #@#
.# #F#..#
#<...#
#......##
#......#
#......#
#......#
#......#
#...?..#


You could see Prince Ribbit.

Vanquished Creatures
  Pikel (D:4)
  Edmund (D:4)
  A black bear (D:6)
  A phantom (D:2)
  2 lemures
  Blork the orc (D:5)
  A wyvern skeleton (D:5)
  2 hounds
  3 jellies
  4 orc priests
  3 orc wizards
  An iguana (D:5)
  8 adders
  7 gnolls
  2 ufetubi
  3 worms
  A dart slug (D:4)
  13 orcs
  8 ball pythons
  5 endoplasms
  4 giant cockroaches
  11 goblins
  9 hobgoblins
  5 jackals (D:2)
  10 kobolds
  5 quokkas
  8 bats
  4 frilled lizards
  8 rats
132 creatures vanquished.

Notes
Turn   | Place    | Note
-------+----------+-------------------------------------------
     0 | D:1      | LLlMATKO the Minotaur Berserker began the quest for the
                  | Orb.
     0 | D:1      | Reached XP level 1. HP: 19/19 MP: 0/0
   315 | D:1      | Reached XP level 2. HP: 27/27 MP: 1/1
   467 | D:1      | Reached skill level 4 in Axes
   721 | D:1      | Found a faded altar of an unknown god.
  1251 | D:2      | Reached XP level 3. HP: 34/34 MP: 2/2
  1367 | D:2      | Reached ** piety under Trog
  1442 | D:2      | Noticed a phantom
  1453 | D:2      | Killed a phantom
  1454 | D:2      | Reached skill level 5 in Axes
  1454 | D:2      | Reached XP level 4. HP: 26/41 MP: 3/3
  1708 | D:2      | Reached skill level 5 in Fighting
  1916 | D:2      | Reached XP level 5. HP: 48/48 MP: 4/4
  3286 | D:3      | Reached skill level 1 in Stealth
  3771 | D:4      | Reached XP level 6. HP: 56/56 MP: 5/5
  3774 | D:4      | Reached skill level 6 in Axes
  3776 | D:4      | Reached *** piety under Trog
  4247 | D:4      | Noticed Edmund
  4261 | D:4      | Killed Edmund
  4276 | D:3      | HP: 2/56 [lemure[Pikel] (1)]
  4596 | D:4      | Noticed Pikel
  4602 | D:4      | Killed Pikel
  4603 | D:4      | Reached skill level 7 in Axes
  4603 | D:4      | Reached skill level 5 in Armour
  4603 | D:4      | Reached XP level 7. HP: 63/63 MP: 6/6
  5002 | D:5      | Entered Level 5 of the Dungeon
  5009 | D:5      | Reached skill level 8 in Axes
  5132 | D:5      | Reached XP level 8. HP: 46/70 MP: 7/7
  5396 | D:5      | Found a staircase to the Ecumenical Temple.
  5631 | D:5      | Found a stormy altar of Qazlal.
  5669 | D:5      | Noticed Blork the orc
  5678 | D:5      | Killed Blork the orc
  5845 | D:6      | Noticed Prince Ribbit
  5871 | D:6      | Reached skill level 9 in Axes
  5883 | D:6      | Slain by Prince Ribbit

Illustrated notes

Levels and vault maps discovered:
D:1:      dpeg_arrival_rooms_with_view, layout_basic,
          ebering_ecumenical_altar_sacrificial, minmay_misc_feat_nine_boxes,
          minmay_misc_feat_columns
D:2:      wad_crossroads, layout_basic, interstate_on_off,
          minmay_misc_feat_encased, hangedman_glass_garden,
          chequers_serial_rivers_small_b, grunt_ministairs_6, grunt_decor_cap
D:3:      layout_basic
D:4:      layout_basic, uniq_edmund, uniq_pikel
D:5:      layout_loops_ring, nicolae_qazlal_eye_of_the_storm,
          minmay_temple_entry_statues_pillars, nicolae_fountain_basement,
          uniq_blork_the_orc
D:6:      layout_basic, tso_oasis_becter, uniq_prince_ribbit1

Skill      XL: |  1  2  3  4  5  6  7  8 |
---------------+-------------------------+-----
Fighting       | 4 5 6 7 |  7.0
Axes           | 4 5 7 8 9 |  9.0
Dodging        | 3 4 |  4.1
Armour         | 3 5 6 |  6.3
Stealth        | 1 |  1.5

Action                   |  1- 3 |  4- 6 |  7- 9 || total
-------------------------+-------+-------+-------++-------
Melee: Hand axe          |    72 |   158 |    83 ||   313
       Headbutt          |     9 |    23 |    16 ||    48
       Punch             |       |     2 |     2 ||     4
Invok: Berserk           |     1 |     4 |     4 ||     9
 Stab: Sleeping          |       |     1 |       ||     1
Armor: Animal skin       |    11 |     2 |       ||    13
       Ring mail         |       |    35 |    10 ||    45
       Plate armour      |       |       |    36 ||    36
Dodge: Dodged            |    37 |    94 |    31 ||   162
